 Dungeon Crawl Stone Soup version 0.28.0-53-g5a82cb258f (webtiles) character file.

Game seed: 3529749541717364732

48 pkoi the Stinger (level 3, -7/26 HPs)
             Began as a Demigod Venom Mage on June 3, 2022.
             Mangled by Sigmund
             ... wielding a +2 vampiric scythe
              (12 damage)
             ... on level 2 of the Dungeon.
             The game lasted 00:03:48 (2546 turns).

pkoi the Stinger (Demigod Venom Mage)               Turns: 2546, Time: 00:03:49

Health: -7/26      AC:  2    Str:  9    XL:     3   Next: 30%
Magic:  0/8        EV: 12    Int: 21    God:
Gold:   87         SH:  0    Dex: 14    Spells: 2/5 levels left

rFire   + . .      SeeInvis .   d - staff of fire
rCold   . . .      Faith    .   (no shield)
rNeg    . . .      Spirit   .   a - +0 robe
rPois   .          Reflect  .   (no helmet)
rElec   .          Harm     .   (no cloak)
rCorr   +          Rampage  .   (no gloves)
Will    .....                   (no boots)
Stlth   ++........              (no amulet)
HPRegen 0.08/turn               b - ring of flight
MPRegen 0.11/turn               f - ring of resist corrosion

@: flying
A: high MP 1, forlorn, divine attributes
a: no special abilities


You were on level 2 of the Dungeon.
You visited 1 branch of the dungeon, and saw 2 of its levels.

You collected 87 gold pieces.

Inventory:

Hand Weapons
 j - a +0 whip of flaming
Armour
 a - a +0 robe (worn)
Magical Staves
 d - a staff of fire (weapon)
Jewellery
 b - a ring of flight (left hand)
 f - a ring of resist corrosion (right hand)
 g - an amulet of the acrobat
Scrolls
 c - a scroll of teleportation {unknown}
 i - a scroll of identify {unknown}
 k - a scroll of fog {unknown}
 m - a scroll of blinking {unknown}
Potions
 e - a potion of lignification {unknown}
 h - a potion of mutation {unknown}
 l - a potion of curing


   Skills:
 - Level 1.7 Dodging
 - Level 1.7 Stealth
 + Level 1.8 Spellcasting
 - Level 0.8 Transmutations
 * Level 4.1 Poison Magic


You had 2 spell levels left.
You knew the following spells:

 Your Spells              Type           Power      Damage    Failure   Level
a - Sting                 Tmut/Pois      48%        1d5       5%          1
b - Poisonous Vapours     Pois/Air       20%        N/A       10%         2

Your spell library contained the following spells:

 Spells                   Type           Power      Damage    Failure   Level
 Beastly Appendage        Tmut           10%        N/A       11%         1
 Wereblood                Tmut           5%         N/A       16%         2
 Spider Form              Tmut/Pois      12%        N/A       16%         3
 Mephitic Cloud           Conj/Pois/Air  7%         N/A       26%         3
 Olgreb's Toxic Radiance  Pois           19%        N/A       26%         4


Dungeon Overview and Level Annotations

Branches:
Dungeon (2/15)

Annotations:
D:2 Sigmund


Innate Abilities, Weirdness & Mutations

You have an increased reservoir of magic. (+10% MP)
You shall have no god before yourself.
Your divine heritage dramatically boosts your attributes as you level up.


Message History

Aim: Sigmund, wielding a +2 vampiric scythe and wearing a +1 robe of positive energy (moderately wounded, poisoned) Poisonous vapours surround Sigmund!
Sigmund looks even sicker.
Sigmund points at you and mumbles some strange words.
The puff of flame misses you.
Casting: Poisonous Vapours (safe; 10% risk of failure)
Confirm with . or Enter, or press ? or * to list all spells.
Aiming: Poisonous Vapours (safe; 10% risk of failure)
Press: ? - help, Dir - move target, f/p - Sigmund
Aim: Sigmund, wielding a +2 vampiric scythe and wearing a +1 robe of positive energy (heavily wounded, poisoned) Poisonous vapours surround Sigmund!
Sigmund looks even sicker.
Sigmund points at you and mumbles some strange words.
You resist with some effort.
There is a stone staircase leading up here.
You start resting.
Sigmund is nearby!
You are too injured to fight recklessly!
You are too injured to fight recklessly!
Aiming: Sting (safe; 5% risk of failure)
Press: ? - help, Q - select action, (/) - cycle Shift-Dir - straight line, f/p - Sigmund
Aim: Sigmund, wielding a +2 vampiric scythe and wearing a +1 robe of positive energy (severely wounded, 68% to hit)
The sting hits Sigmund but does no damage.
Sigmund is poisoned.
Sigmund is severely wounded.
Sigmund hits you from afar with a +2 vampiric scythe!
* * * LOW HITPOINT WARNING * * *
Sigmund draws strength from your wounds!
Aiming: Sting (safe; 5% risk of failure)
Press: ? - help, Q - select action, (/) - cycle Shift-Dir - straight line, f/p - Sigmund
Aim: Sigmund, wielding a +2 vampiric scythe and wearing a +1 robe of positive energy (heavily wounded, poisoned, 68% to hit)
The sting hits Sigmund but does no damage.
Sigmund looks even sicker.
Sigmund is heavily wounded.
Aiming: Sting (safe; 5% risk of failure)
Press: ? - help, Q - select action, (/) - cycle Shift-Dir - straight line, f/p - Sigmund
Aim: Sigmund, wielding a +2 vampiric scythe and wearing a +1 robe of positive energy (severely wounded, very poisoned, 68% to hit)
The sting hits Sigmund.
Sigmund looks even sicker.
Sigmund is severely wounded.
Sigmund misses you.
Sigmund hits you from afar with a +2 vampiric scythe!
You die...

#.........#
#.......#.#.
####.#######.#
#.......#.##
##.......#
#.#####......##...
#.....##.#
#..........#.#####
##..####.#
#######......#
#.....#.# #..#.#.#
##.##.#.# #......####
#......#######
#.........#
####.###...@.#
#....#.##.## #.#
#.....####....#.##...
#.#
#.....@...@..........
#.#
#.....######..####[..
#.# #.....#
#......##.#. #.#
####### #.#.......#.
####.# #.#.##.####.
#....# #######.#..#.#
#. #.####
#.......##.#.# #.


You could see Sigmund (very poisoned).

Vanquished Creatures
  Jessica (D:2)
  A worm (D:2)
  4 ball pythons (D:1)
  An endoplasm (D:1)
  A giant cockroach (D:1)
  A goblin (D:2)
  5 hobgoblins
  A frilled lizard (D:1)
  A kobold (D:1)
  2 rats
18 creatures vanquished.

Notes
Turn   | Place    | Note
-------+----------+-------------------------------------------
     0 | D:1      | pkoi the Demigod Venom Mage began the quest for the Orb.
     0 | D:1      | Reached XP level 1. HP: 14/14 MP: 5/5
   303 | D:1      | Reached skill level 3 in Poison Magic
   813 | D:1      | Reached XP level 2. HP: 20/20 MP: 4/7
  1134 | D:2      | Noticed Jessica
  1140 | D:2      | Killed Jessica
  1141 | D:2      | Reached skill level 4 in Poison Magic
  1141 | D:2      | Reached XP level 3. HP: 26/26 MP: 4/8
  1141 | D:2      | Noticed Sigmund
  1401 | D:1      | Learned a level 2 spell: Poisonous Vapours
  2546 | D:2      | Mangled by Sigmund

Illustrated notes

Levels and vault maps discovered:
D:1:      doesnt_arrival_eight_statues, layout_basic,
          hellmonk_ecumenical_altar_arch_garden
D:2:      layout_loops_cross, basic_altar, uniq_sigmund, uniq_jessica

Skill      XL: |  1  2 |
---------------+-------+-----
Poison Magic   | 3 4 |  4.1
Dodging        | |  1.7
Stealth        | |  1.7
Spellcasting   | |  1.8
Transmutations | |  0.8

Action                   || total
-------------------------++-------
 Cast: Sting             ||    35
       Poisonous Vapours ||     8
Armor: Robe              ||     1
Dodge: Dodged            ||     8
